 Dungeon Crawl Stone Soup version 0.27.1-2-g3b301248ec (webtiles) character file.

Game seed: 12111607528412728585

65 H0rd4k the Insei (level 4, -1/28 HPs)
             Began as an Octopode Transmuter on Sept 23, 2021.
             Slain by Robin (6 damage)
             ... on level 2 of the Dungeon.
             The game lasted 00:02:33 (3055 turns).

H0rd4k the Insei (Octopode Transmuter)              Turns: 3055, Time: 00:02:34

Health: -1/28      AC:  2    Str:  9    XL:     4   Next: 14%
Magic:  4/7        EV: 19    Int: 16    God:
Gold:   60         SH:  0    Dex: 17    Spells: 3/7 levels left

rFire    . . .     SeeInvis .     - Unarmed
rCold    . . .     Faith    .   (shield currently unavailable)
rNeg     . . .     Spirit   .   (helmet currently unavailable)
rPois    x         Reflect  .   (no amulet)
rElec    .         Harm     .   (no ring)
rCorr    .         Rampage  .   (no ring)
Will     .....                  (no ring)
Stlth    ++........             (no ring)
HPRegen  0.09/turn              (no ring)
MPRegen  0.10/turn              (no ring)
                                (no ring)
                                (no ring)

@: spider-form (expiring)
A: venomous fangs, almost no armour, (amphibious), 8 rings, tiny, (camouflage
1), (gelatinous body 1), (nimble swimmer 1), (tentacles)
a: End Transformation


You were on level 2 of the Dungeon.
You were a venomous arachnid creature.
You visited 1 branch of the dungeon, and saw 3 of its levels.

You collected 60 gold pieces.

Inventory:

Magical Staves
 f - a staff of fire
Jewellery
 i - a +4 ring of protection
 k - a ring of wizardry
Wands
 h - a wand of iceblast (11)
Scrolls
 b - a scroll of magic mapping {unknown}
 c - a scroll of teleportation {unknown}
 d - a scroll of identify {unknown}
 e - a scroll of enchant armour {unknown}
Potions
 a - a potion of cancellation {unknown}
 g - a potion of might
 j - a potion of degeneration {unknown}


   Skills:
 + Level 1.1 Fighting
 + Level 2.4 Dodging
 + Level 1.6 Stealth
 + Level 3.8 Unarmed Combat
 * Level 2.3 Spellcasting
 * Level 2.3 Transmutations
 * Level 0.5 Poison Magic


You had 3 spell levels left.
You knew the following spells:

 Your Spells              Type           Power      Damage    Failure   Level
a - Beastly Appendage     Tmut           18%        N/A       21%         1
b - Spider Form           Tmut/Pois      3%         N/A       56%         3

Your spell library contained the following spells:

 Spells                   Type           Power      Damage    Failure   Level
 Wereblood                Tmut           9%         N/A       28%         2
 Ice Form                 Ice/Tmut       5%         N/A       90%         4
 Summon Forest            Summ/Tloc      0%         N/A       100%        5
 Eringya's Noxious Bog    Tmut/Pois      3%         N/A       100%        6
 Summon Hydra             Summ           0%         N/A       100%        7


Dungeon Overview and Level Annotations

Branches:
Dungeon (3/15)

Altars:

Shops:
D:1 ((

Annotations:
D:2 1 runed translucent door, exclusion: door, Crazy Yiuf, Robin


Innate Abilities, Weirdness & Mutations

You are a venomous arachnid creature.
You have poisonous fangs.
You are tiny and dextrous.
Your spellcasting is less reliable in this form.
Your armour is entirely melded.
You are incapable of wielding weapons or throwing items.
You cannot wear most types of armour.
((You are amphibious.))
You can wear up to eight rings at the same time.
((Your skin changes colour to match your surroundings (Stealth+).))
((Your rubbery body absorbs attacks. (AC +1, EV +1)))
((You are camouflaged near water. (Stealth+)))
((You have tentacles for arms and can constrict up to eight enemies at once.))


Message History

There is a stone staircase leading up, spattered with blood here.
Things that are here:
a +0 club; a +0 hunting sling; 14 stones Robin hits you with a +4 club.
You climb upwards.
Level annotation: 1 runed translucent door, exclusion: door, Crazy Yiuf
There is a stone staircase leading down here.
You tentacle-slap Robin. You grab Robin.
Robin is lightly wounded.
You constrict Robin, but do no damage. Robin barely misses you.
You tentacle-slap Robin but do no damage.
You squeeze Robin.
Robin is moderately wounded.
You constrict Robin, but do no damage. Robin hits you with a +4 club.
* * * LOW HITPOINT WARNING * * *
You release your grip on Robin.
Robin says, "Feeling lonely?"
There is an open door here.
There is an open door here.
Robin closely misses you.
There is an open door here.
There is a stone staircase leading down here.
Casting: Beastly Appendage (safe; 8% risk of failure)
Confirm with . or Enter, or press ? or * to list all spells.
The spell is extremely dangerous to cast (34% risk of failure)!
Continue anyway?
You turn into a venomous arachnid creature.
You hit Robin but do no damage.
Robin is lightly wounded.
Robin hits you with a +4 club.
You hit Robin.
Robin is moderately wounded.
Robin barely misses you.
You barely miss Robin.
Robin is moderately wounded.
Robin hits you with a +4 club.
* * * LOW HITPOINT WARNING * * *
You hit Robin.
Robin is poisoned.
Robin is heavily wounded.
Robin hits you with a +4 club.
You die...

########## #........#
#........# #..).....#
#.(......# #........#
#........#
#........#########
####.[......)sg.....#
#...........#######.#
#...#####'### ####.#
#...# #.# #...g#
#...# #.# #.####
#...# #.######.#
####...#####.#......#
...'...+.......>#####
...#...#####.#......#


You could see Robin (very poisoned).

Vanquished Creatures
  2 adders (D:2)
  A dart slug (D:2)
  5 endoplasms
  3 giant cockroaches (D:2)
  6 goblins
  3 hobgoblins
  2 kobolds (D:1)
  7 ball pythons
  6 bats
  A frilled lizard (D:2)
  5 rats
  A spectral goblin (D:1)
42 creatures vanquished.

Notes
Turn   | Place    | Note
-------+----------+-------------------------------------------
     0 | D:1      | H0rd4k the Octopode Transmuter began the quest for the Orb.
     0 | D:1      | Reached XP level 1. HP: 13/13 MP: 3/3
   417 | D:1      | Found Neskym's Antique Weapon Boutique.
   429 | D:1      | Reached XP level 2. HP: 15/18 MP: 5/5
   730 | D:1      | Found Juliwyew's Weapon Shoppe.
  1242 | D:1      | Found a faded altar of an unknown god.
  1614 | D:2      | Reached skill level 1 in Stealth
  1686 | D:2      | Reached XP level 3. HP: 12/23 MP: 6/6
  1690 | D:2      | Learned a level 3 spell: Spider Form
  1915 | D:2      | HP: 1/23 [poisoned by an adder]
  2435 | D:2      | Reached XP level 4. HP: 25/28 MP: 7/7
  2615 | D:2      | Found a runed translucent door.
  2616 | D:2      | Noticed Crazy Yiuf
  2946 | D:3      | Noticed Robin
  3055 | D:2      | Slain by Robin

Illustrated notes

Levels and vault maps discovered:
D:1:      sevenhm_arrival_forest_fort_small_6, layout_basic, serial_shops,
          nicolae_shop_crystal, nicolae_square_shop,
          dreamdust_ecumenical_altar_drowned_temple
D:2:      layout_basic, uniq_crazy_yiuf_cottage
D:3:      layout_loops_corners, good_gods_mini_temple,
          minmay_misc_feat_secret_circle, serial_bayou_pond_c,
          minmay_misc_feat_iff, uniq_robin, uniq_grinder, uniq_sigmund

Skill      XL: |  1  2 |
---------------+-------+-----
Stealth        | 1 |  1.6
Fighting       | |  1.1
Dodging        | |  2.4
Unarmed Combat | |  3.8
Spellcasting   | |  2.3
Transmutations | |  2.3
Poison Magic   | |  0.5

Action                   |  1- 3 |  4- 6 || total
-------------------------+-------+-------++-------
Melee: Unarmed           |    73 |    15 ||    88
       Tentacles         |    12 |     5 ||    17
       Constrict         |    18 |     3 ||    21
       Punch             |     3 |       ||     3
       Kick              |     3 |       ||     3
 Cast: Beastly Appendage |     1 |       ||     1
       Spider Form       |       |     1 ||     1
  Use: Potion            |     1 |       ||     1
 Stab: Sleeping          |     8 |     2 ||    10
Armor: Skin              |     2 |     2 ||     4
Dodge: Dodged            |    41 |     7 ||    48
